 Dungeon Crawl Stone Soup version 0.27.0-66-gdc8fb28755 (webtiles) character file.

Game seed: 1239321633062959939

327 robertstho the Magician (level 6, -9/42 HPs)
             Began as a Djinni Fire Elementalist on Aug 20, 2021.
             Mangled by Grinder (15 damage)
             ... on level 3 of the Dungeon.
             The game lasted 00:05:37 (4170 turns).

robertstho the Magician (Djinni Fire Elementalist)  Turns: 4170, Time: 00:05:37

Health: -9/42      AC:  2    Str:  7    XL:     6   Next: 79%
Gold:   74         EV: 12    Int: 18    God:
                   SH:  0    Dex: 14

rFire    + + .     SeeInvis .   (no weapon)
rCold    x . .     Faith    .   (no shield)
rNeg     . . .     Spirit   .   a - +0 robe
rPois    ∞         Reflect  .   (no helmet)
rElec    .         Harm     .   (no cloak)
rCorr    .         Rampage  .   (no gloves)
Will     +....                  (boots unavailable)
Stlth    ++........             (no amulet)
HPRegen  0.14/turn              k - ring of willpower
MPRegen  0.00/turn              (no ring)

@: about to teleport, flying
A: sickness immunity, fire resistance 2, cold vulnerability 1, float, innate
caster, hp casting, extra vitality 1
a: no special abilities


You were on level 3 of the Dungeon.
You visited 1 branch of the dungeon, and saw 3 of its levels.

You collected 169 gold pieces.
You spent 95 gold pieces at shops.

Inventory:

Armour
 a - a +0 robe (worn)
Jewellery
 k - a ring of willpower (left hand)
Scrolls
 d - 2 scrolls of silence
 e - a scroll of fog
 f - a scroll of brand weapon
 g - 2 scrolls of teleportation
 i - a scroll of enchant weapon {unknown}
 j - a scroll of blinking {unknown}
Potions
 c - a potion of mutation
 h - a potion of cancellation


   Skills:
 + Level 1.0 Fighting
 + Level 2.7 Dodging
 + Level 2.1 Stealth
 + Level 0.9 Unarmed Combat
 * Level 5.0 Spellcasting


You couldn't memorise any spells.
You knew the following spells:

 Your Spells              Type           Power      Damage    Failure   Level
a - Foxfire               Conj/Fire      88%        2x1d8     1%          1
b - Conjure Flame         Conj/Fire      22%        6-21      4%          3
c - Inner Flame           Hex/Fire       22%        N/A       4%          3
d - Sticky Flame          Conj/Fire      22%        2d4       17%         4
e - Fireball              Conj/Fire      11%        3d7       43%         5
f - Pain                  Necr           88%        1d8       1%          1
g - Poisonous Vapours     Pois/Air       44%        N/A       2%          2
Your spell library was empty.

Dungeon Overview and Level Annotations

Branches:
Dungeon (3/15)

Altars:

Shops:
D:2 ?

Annotations:
D:3 Grinder, Ijyb


Innate Abilities, Weirdness & Mutations

You are immune to sickness and miasma.
You are immune to poison.
Your flesh is very heat resistant. (rF++)
You are vulnerable to cold. (rC-)
You float through the air rather than walking.
You learn spells naturally, not from books.
Your magical power is your life essence.
You have superior vitality. (+4 HP)


Message History

Ijyb is moderately wounded.
The foxfire hits Ijyb but does no damage.
Ijyb is moderately wounded.
Ijyb grins evilly.
Ijyb screams, "Level is mine!
All mine!"
Ijyb hits you with a +2 dagger of venom.
Ijyb hits you with a +2 dagger of venom.
Grinder hits you.
You can move again.
Casting: Foxfire (safe; 1% risk of failure)
Press: ? - help, Q - select action, (/) - cycle Dir - look around, f - activate You conjure some foxfire!
Ijyb closely misses you. Grinder hits you.
You writhe in agony.
* * * LOW HITPOINT WARNING * * *
Unknown command.
Casting: Foxfire (safe; 1% risk of failure)
Press: ? - help, Q - select action, (/) - cycle Dir - look around, f - activate You conjure some foxfire!
* * * LOW HITPOINT WARNING * * *
The foxfire hits Ijyb but does no damage.
Ijyb is moderately wounded.
The foxfire hits Ijyb but does no damage.
Ijyb is moderately wounded.
Ijyb completely misses you.
Grinder drinks a potion.
Grinder seems to grow stronger.
Unknown command.
Okay, then.
As you read the scroll of fear, it crumbles to dust.
You assume a fearsome visage.
Ijyb looks frightened!
Grinder is unaffected.
The foxfire hits Ijyb but does no damage.
Ijyb is moderately wounded.
Your attack snaps Ijyb out of her fear.
The foxfire hits Ijyb but does no damage.
Ijyb is moderately wounded.
Ijyb hits you with a +2 dagger of venom.
* * * LOW HITPOINT WARNING * * *
Grinder closely misses you.
As you read the scroll of teleportation, it crumbles to dust.
You feel strangely unstable. Ijyb misses you. Grinder hits you!
You die...

...........#
...........#
...........#
...........###
.............
...........#
......5g..#
#...@†#
####§.# # ##.#
# #.## # #..#
# ##.## # ...
#..# #########
..# ##.#
..##.....##
.....##[####


You could see Grinder (strong) and Ijyb.

Vanquished Creatures
  A scorpion (D:3)
  2 centaur zombies (D:3)
  An orc priest (D:3)
  Terence (D:2)
  An orc wizard (D:3)
  A gnoll (D:2)
  4 adders
  A worm (D:2)
  4 dart slugs (D:1)
  5 orcs (D:3)
  2 bats (D:1)
  6 endoplasms
  4 giant cockroaches
  6 goblins
  A hobgoblin (D:1)
  9 jackals
  4 kobolds
  3 quokkas
  3 ball pythons (D:1)
  2 frilled lizards
  A rat (D:2)
62 creatures vanquished.

Vanquished Creatures (others)
  296 foxfires
296 creatures vanquished.

Grand Total: 358 creatures vanquished

Notes
Turn   | Place    | Note
-------+----------+-------------------------------------------
     0 | D:1      | robertstho the Djinni Fire Elementalist began the quest for
                  | the Orb.
     0 | D:1      | Reached XP level 1. HP: 15/15 MP: 0/0
   303 | D:1      | Reached XP level 2. HP: 12/21 MP: 0/0
   694 | D:1      | Reached skill level 3 in Spellcasting
  1029 | D:1      | Reached XP level 3. HP: 22/25 MP: 0/0
  1029 | D:1      | Learned a level 1 spell: Pain
  1202 | D:1      | Found a faded altar of an unknown god.
  1759 | D:2      | Noticed Terence
  1806 | D:2      | Killed Terence
  1807 | D:2      | Reached XP level 4. HP: 9/31 MP: 0/0
  2514 | D:2      | Reached XP level 5. HP: 30/35 MP: 0/0
  2514 | D:2      | Learned a level 2 spell: Poisonous Vapours
  2518 | D:2      | Reached skill level 4 in Spellcasting
  2747 | D:2      | Found Tafegos's Magic Scroll Emporium.
  2757 | D:2      | Bought a scroll of amnesia for 35 gold pieces
  2757 | D:2      | Bought a scroll of noise for 10 gold pieces
  2757 | D:2      | Bought a scroll of teleportation for 30 gold pieces
  2757 | D:2      | Bought a scroll of identify for 20 gold pieces
  3686 | D:3      | Reached XP level 6. HP: 25/41 MP: 0/0
  4052 | D:3      | Reached skill level 1 in Fighting
  4152 | D:3      | Noticed Grinder
  4157 | D:3      | Reached skill level 5 in Spellcasting
  4157 | D:3      | Noticed Ijyb
  4163 | D:3      | Paralysed by Grinder for 4 turns
  4170 | D:3      | Mangled by Grinder

Illustrated notes

Levels and vault maps discovered:
D:1:      dpeg_arrival_tiny_a, layout_basic, ebering_ecumenical_altar_abandoned
D:2:      layout_basic, serial_shops, nicolae_shop_crystal, minmay_pentomino_p4,
          uniq_terence
D:3:      layout_rooms, minmay_ogre_servants, uniq_ijyb, uniq_grinder

Skill      XL: |  1  2  3  4  5  6 |
---------------+-------------------+-----
Spellcasting   | 3 4 5 |  5.0
Stealth        | 2 |  2.1
Fighting       | 1 |  1.0
Dodging        | |  2.7
Unarmed Combat | |  0.9

Action                   |  1- 3 |  4- 6 || total
-------------------------+-------+-------++-------
Melee: Unarmed           |    10 |    22 ||    32
 Cast: Foxfire           |    62 |   116 ||   178
       Sticky Flame      |       |     1 ||     1
  Use: Scroll            |     2 |     6 ||     8
       Potion            |     2 |       ||     2
Armor: Robe              |     4 |     6 ||    10
       Skin              |    14 |     2 ||    16
Dodge: Dodged            |    23 |    32 ||    55
